 Dungeon Sprint DCSS version 0.29-a0-775-g4d7333d4e2 (webtiles) character file.

Game seed: 12008016050753569663

3416 mhtbhm the Imperceptible (level 9, -3/39 HPs)
             Began as a Spriggan Enchanter on July 1, 2022.
             Was an Elder of Dithmenos.
             Killed from afar by Frances (40 damage)
             ... with a shard of ice
             ... in the Dungeon (Sprint III: "The Ten Rune Challenge").
             The game lasted 00:04:25 (1030 turns).

mhtbhm the Imperceptible (Spriggan Enchanter)       Turns: 1030, Time: 00:04:27

Health: -3/39      AC:  2    Str:  4    XL:     9   Next: 76%
Magic:  22/26      EV: 22    Int: 16    God:    Dithmenos [****..]
Gold:   30         SH:  0    Dex: 20    Spells: 18/32 levels left

rFire   . . .      SeeInvis +   a - +1 dagger
rCold   + . .      Faith    .   (no shield)
rNeg    . . .      Spirit   .   b - +0 robe {rC+}
rPois   .          Reflect  .   (helmet restricted)
rElec   .          Harm     .   r - scarf {shadows}
rCorr   .          Rampage  .   (gloves unavailable)
Will    +....      NoTele   +   (boots unavailable) Stlth **++++++++
                                (no amulet)
HPRegen 0.13/turn               (no ring)
MPRegen 0.20/turn               (no ring)

@: wreathed by umbra, very quick
A: very small, no large weapons, unfitting armour, see invisible, speed 3
a: Renounce Religion, Shadow Step


You were in the Dungeon.
You worshipped Dithmenos.
Dithmenos was greatly pleased with you.
You visited 1 branch You collected 30 gold pieces.

Inventory:

Hand Weapons
 a - a +1 dagger (weapon)
Armour
 b - a +0 robe of cold resistance (worn)
 r - a scarf of shadows (worn)
Wands
 p - a wand of flame (21)
Scrolls
 j - a scroll of immolation {unknown}
 k - a scroll of identify {unknown}
 l - a scroll of poison {unknown}
 m - a scroll of vulnerability {unknown}
Potions
 c - 2 potions of invisibility
 d - a potion of curing
 e - 3 potions of heal wounds
 f - a potion of haste
 g - a potion of magic
 h - 2 potions of berserk rage
 n - a potion of flight {unknown}
 o - 6 potions of mutation
 q - a potion of might
Miscellaneous
 s - a tin of tremorstones (2/2)


   Skills:
 + Level 4.2 Short Blades
 + Level 6.9 Dodging
 + Level 21.4 Stealth
 + Level 12.3 Spellcasting
 + Level 12.9 Hexes
 + Level 7.2 Ice Magic


You had 18 spell levels left.
You knew the following spells:

 Your Spells              Type           Power      Damage    Failure   Level
a - Ensorcelled Hibernat  Hex/Ice        84%        N/A       1%          2
b - Confusing Touch       Hex            50%        N/A       1%          3
c - Tukima's Dance        Hex            50%        N/A       1%          3
d - Dazzling Flash        Conj/Hex       60%        N/A       1%          3
e - Mephitic Cloud        Conj/Pois/Air  9%         N/A       22%         3

Your spell library contained the following spells:

 Spells                   Type           Power      Damage    Failure   Level
 Magic Dart               Conj           36%        1d4       8%          1
 Call Imp                 Summ           9%         N/A       11%         2


Dungeon Overview and Level Annotations

Branches:
Dungeon (1/1)

Altars:
Cheibriados
Dithmenos
Elyvilon
Fedhas
Gozag
Hepliaklqana
Kikubaaqudgha
Makhleb
Nemelex Xobeh
Okawaru
Qazlal
Ru
Sif Muna
Trog
Uskayaw
Vehumet
Wu Jian
Xom
Yredelemnul
Zin
The Shining One
Beogh
Jiyva
Lugonu

Annotations:
D Donald, Frances


Innate Abilities, Weirdness & Mutations

You are very small and have problems with some larger weapons.
You are too small for most types of armour.
You have supernaturally acute eyesight. (SInv)
You cover ground extremely quickly. (Speed+++)


Message History

The wandering mushroom barely misses you.
You hit the wandering mushroom but do no damage.
The wandering mushroom appears confused.
The wandering mushroom falls into the water!
The wandering mushroom falls apart.
Dithmenos accepts your kill.
You enter the shallow water.
Moving in this stuff is going to be slow.
You start resting.
Magic restored.
There is an open door to the Lair of Beasts here.
You start resting.
HP restored.
This spell is quite dangerous to cast!
Memorise Mephitic Cloud, consuming 3 spell levels and leaving 18?
You start memorising the spell.
You continue memorising. x3
You finish memorising.
Spell assigned to 'e'.
You open the door.
Donald and Frances come into view.
Donald is wielding a +2 war axe of holy wrath and wearing a +1 kite shield of reflection.
Frances is wielding a +2 war axe of holy wrath and quivering curare-tipped darts.
Unknown command.
Aiming: Shadow Step
Press: ? - help, Dir - move target, f - Frances
Aim: Frances, wielding a +2 war axe of holy wrath and quivering curare-tipped darts (asleep, umbra)
You step into Frances's shadow.
Number of times to repeat, then command key: You must enter the number of times for the command to repeat.
The helpless Frances fails to defend herself.
You stick Frances like a pincushion!!!!
Frances is almost dead.
Frances closely misses you.
Donald shouts!
Unknown command.
Blink to where?
Press: ? - help, Dir - move target, p - Frances
As you read the scroll of blinking, it crumbles to dust.
Frances mutters in a terrible tongue.
The shard of ice hits you!!! You partially resist.
Ouch! That really hurt!
You die...

'#
.#+#####################
.#..§§§'.#.'...'.#.#.#.+
.#.#§≈§#.#.#...##.#.#.##
.'.#§§§#.#.#)..#.#.#.#.#
.#.#§§.#...#)).##.#.#.#
▓▓▓▓▓▓▓▓▓▓▓▓▓▓▓#.#.#.#
≈........≈≈≈...##.#.#.#
≈≈≈≈≈≈≈≈≈≈≈♣♣P.'@#.#.#.#
♣♣♣♣♣♣♣♣♣♣♣♣♣PP##.#.#.##
♣♣♣##'##### #...+ #...#
#@§@# #####


You could see Frances.

Vanquished Creatures
  Josephine (D)
  A centaur warrior (D)
  A deep elf pyromancer (D)
  An unseen horror (D)
  3 wandering mushrooms (D)
  A shadow (D)
  2 centaurs (D)
  An earth elemental (D)
  A necrophage (D)
  A water elemental (D)
  A jelly (D)
  Jessica (D)
  A wizard (D)
  A necromancer (D)
  3 humans (D)
  A kobold demonologist (D)
  A wolf (D)
  3 rats (D)
25 creatures vanquished.

Notes
Turn   | Place    | Note
-------+----------+-------------------------------------------
     0 | D        | mhtbhm the Spriggan Enchanter began the quest for the Orb.
     0 | D        | Reached XP level 1. HP: 9/9 MP: 5/5
    13 | D        | Noticed Jessica
    17 | D        | Killed Jessica
    18 | D        | Reached skill level 6 in Stealth
    18 | D        | Reached XP level 2. HP: 13/13 MP: 5/7
    23 | D        | Learned a level 2 spell: Ensorcelled Hibernation
   424 | D        | Reached skill level 7 in Stealth
   424 | D        | Reached XP level 3. HP: 16/16 MP: 5/9
   427 | D        | Reached skill level 1 in Ice Magic
   434 | D        | Learned a level 3 spell: Confusing Touch
   438 | D        | Learned a level 3 spell: Tukima's Dance
   587 | D        | Noticed a water elemental
   590 | D        | Killed a water elemental
   591 | D        | Reached skill level 9 in Stealth
   591 | D        | Reached skill level 5 in Spellcasting
   591 | D        | Reached XP level 4. HP: 21/21 MP: 10/12
   595 | D        | Learned a level 3 spell: Dazzling Flash
   605 | D        | Found a shadowy altar of Dithmenos.
   605 | D        | Noticed a necrophage
   606 | D        | Found a basalt altar of Yredelemnul.
   606 | D        | Found a sacrificial altar of Ru.
   608 | D        | Reached XP level 5. HP: 24/24 MP: 12/14
   609 | D        | Reached skill level 10 in Stealth
   640 | D        | Became a worshipper of Dithmenos the Shadowed
   654 | D        | Found a radiant altar of Vehumet.
   654 | D        | Found a shimmering blue altar of Sif Muna.
   654 | D        | Found an ancient bone altar of Kikubaaqudgha.
   657 | D        | Reached skill level 5 in Dodging
   659 | D        | Reached skill level 11 in Stealth
   671 | D        | Found a glowing silver altar of Zin.
   672 | D        | Found a glowing golden altar of the Shining One.
   672 | D        | Found a white marble altar of Elyvilon.
   672 | D        | Noticed a deep elf pyromancer
   676 | D        | Killed a deep elf pyromancer
   676 | D        | Reached * piety under Dithmenos
   677 | D        | Reached skill level 14 in Stealth
   677 | D        | Reached skill level 10 in Hexes
   677 | D        | Reached XP level 6. HP: 18/28 MP: 12/18
   677 | D        | Reached XP level 7. HP: 21/32 MP: 13/20
   792 | D        | Found a hide-covered altar of Uskayaw.
   792 | D        | Found an iron altar of Okawaru.
   793 | D        | Found a bloodstained altar of Trog.
   793 | D        | Found an ornate altar of the Wu Jian Council.
   793 | D        | Noticed a human
   793 | D        | Noticed a human
   795 | D        | Killed a human
   796 | D        | Reached skill level 15 in Stealth
   796 | D        | Reached skill level 5 in Ice Magic
   796 | D        | Killed a human
   827 | D        | Noticed a shadow
   829 | D        | Killed a shadow
   829 | D        | Reached ** piety under Dithmenos
   830 | D        | Reached skill level 16 in Stealth
   830 | D        | Reached skill level 10 in Spellcasting
   830 | D        | Reached XP level 8. HP: 36/36 MP: 23/23
   835 | D        | Found a blossoming altar of Fedhas.
   835 | D        | Found a stormy altar of Qazlal.
   836 | D        | Found a snail-covered altar of Cheibriados.
   836 | D        | Found a burning altar of Makhleb.
   836 | D        | Found a hazy altar of Hepliaklqana.
   836 | D        | Found a shimmering altar of Xom.
   836 | D        | Found an opulent altar of Gozag.
   836 | D        | Found a sparkling altar of Nemelex Xobeh.
   836 | D        | Found a corrupted altar of Lugonu.
   836 | D        | Found a viscous altar of Jiyva.
   858 | D        | Noticed Josephine
   860 | D        | Killed Josephine
   861 | D        | Reached skill level 17 in Stealth
   887 | D        | Reached skill level 18 in Stealth
   892 | D        | Noticed a centaur warrior
   894 | D        | Reached *** piety under Dithmenos
   896 | D        | Killed a centaur warrior
   897 | D        | Reached skill level 19 in Stealth
   897 | D        | Reached XP level 9. HP: 39/39 MP: 25/25
   910 | D        | Noticed an unseen horror
   911 | D        | Killed an unseen horror
   912 | D        | Reached skill level 20 in Stealth
   917 | D        | Noticed a wandering mushroom
   921 | D        | Noticed a wandering mushroom
   926 | D        | Killed a wandering mushroom
   926 | D        | Reached **** piety under Dithmenos
   927 | D        | Noticed a wandering mushroom
   934 | D        | Reached skill level 21 in Stealth
   940 | D        | Killed a wandering mushroom
  1026 | D        | Learned a level 3 spell: Mephitic Cloud
  1027 | D        | Noticed Donald
  1027 | D        | Noticed Frances
  1030 | D        | Killed from afar by Frances

Illustrated notes

Levels and vault maps discovered:
D:        dungeon_sprint_mu [sprint_mu_entry_forest, sprint_mu_temple_rooms,
          sprint_mu_d1_horrors, sprint_mu_d2_genie, sprint_mu_d3_branching,
          sprint_mu_orc_legion, sprint_mu_elf_gauntlet, sprint_mu_hive_nellie,
          sprint_mu_lair_fedhas, sprint_mu_vaults_butterflies,
          sprint_mu_slime_circle, sprint_mu_swamp_cave, sprint_mu_shoals_archi,
          sprint_mu_blade_basic, sprint_mu_crypt_fortress,
          sprint_mu_tomb_spiral, sprint_mu_vestibule_basic,
          sprint_mu_gehenna_hellfire, sprint_mu_dis_giant,
          sprint_mu_tartarus_statrot, sprint_mu_cocytus_islands, sprint_mu_zot1]

Skill      XL: |  1  2  3  4  5  6  7  8  9 |
---------------+----------------------------+-----
Hexes          | 6 7 10 11 12 | 12.9
Dodging        | 3 4 5 6 |  6.9
Stealth        | 6 7 9 14 16 19 21 | 21.4
Spellcasting   | 3 4 5 8 10 11 12 | 12.3
Ice Magic      | 2 4 5 6 7 |  7.2
Short Blades   | 2 3 4 |  4.2

Action                   |  1- 3 |  4- 6 |  7- 9 || total
-------------------------+-------+-------+-------++-------
Melee: Dagger            |     9 |     7 |    19 ||    35
 Cast: Ensorcelled Hiber |    16 |       |     1 ||    17
       Dazzling Flash    |       |     1 |       ||     1
       Confusing Touch   |       |       |     3 ||     3
Invok: Shadow Step       |       |       |     1 ||     1
  Use: Potion            |     1 |       |       ||     1
       Scroll            |       |       |     1 ||     1
 Stab: Sleeping          |     6 |     4 |    11 ||    21
       Invisible         |       |     2 |       ||     2
Armor: Robe              |       |       |     1 ||     1
Dodge: Dodged            |     9 |     2 |     5 ||    16

Table legend: (Time is in decaauts)
 A = Elapsed time spent in this place.
 B = Non-inter-level travel time spent in this place.
 C = Inter-level travel time spent in this place.
 D = Time resting spent in this place.
 E = Time spent auto-exploring this place.
 F = Levels seen in this place.
 G = Mean time per level.
                   A        B        C        D        E       F      G
               +--------+--------+--------+--------+--------+-----+--------+
         Total |    852 |    852 |      0 |    446 |      2 |   1 |  852.0 |
       Dungeon |    852 |    852 |      0 |    446 |      2 |   1 |  852.0 |
               +--------+--------+--------+--------+--------+-----+--------+

Top non-repeatable levels by time:
       D: 852 daAuts
